 Dungeon Crawl Stone Soup version 0.22-a0-283-g1871b15 (webtiles) character file.

1772 tidbits the Insei (level 9, 13/66 HPs)
             Began as a Gnoll Transmuter on Mar 19, 2018.
             Quit the game on level 6 of the Dungeon.
             The game lasted 00:19:05 (2066 turns).

tidbits the Insei (Gnoll Transmuter)                Turns: 2066, Time: 00:19:06

Health: 13/66      AC:  5    Str: 20    XL:     9   Next: 7%
Magic:  12/18      EV: 16    Int: 18    God:
Gold:   185        SH:  0    Dex: 17    Spells: 5/20 levels left

rFire    . . .     SeeInvis .     - Unarmed
rCold    . . .     Gourm    .   (shield currently unavailable)
rNeg     . . .     Faith    .   B - +2 animal skin
rPois    .         Spirit   .   E - +0 helmet
rElec    .         Reflect  .   (no cloak)
rCorr    .         Harm     .   (gloves currently unavailable)
MR       .....                  (no boots)
Stlth    +++.......             J - amulet of regeneration
HPRegen  0.21/turn              I - +3 ring of strength
MPRegen  0.16/turn              (no ring)

@: mighty, blade hands, drained
A: distributed training, fangs 1, strong nose
a: End Transformation


You were on level 6 of the Dungeon.
You were not hungry.
You had blades for hands.
You visited 2 branches of the dungeon, and saw 10 of its levels.
You also visited: Sewer.

You collected 284 gold pieces.
You spent 99 gold pieces at shops.

Inventory:

Hand Weapons
 a - a +0 dagger (melded)
 b - a +1 hunting sling of flaming
   (You took it off a goblin on level 3 of the Dungeon)
 H - a +0 morningstar
Missiles
 h - 78 arrows
 j - 44 stones (quivered)
 q - 3 javelins
 u - 14 sling bullets
Armour
 d - a +0 ring mail
 i - a +0 robe
 o - a +2 leather armour of poison resistance
   (You took it off an orc on level 3 of the Dungeon)
 w - a +0 robe of positive energy
   (You took it off an orc wizard on level 4 of the Dungeon)
 x - a +0 buckler
 B - a +2 animal skin (worn)
 E - a +0 helmet (worn)
Jewellery
 e - a +4 amulet of reflection
   (You found it on level 1 of the Dungeon)
 g - an uncursed ring of ice
   (You found it on level 6 of the Dungeon)
 I - a +3 ring of strength (left scythe-like blade)
   (You found it on level 6 of the Dungeon)
 J - an amulet of regeneration (around neck)
   (You found it on level 7 of the Dungeon)
Wands
 K - a wand of clouds (6)
 M - a wand of polymorph (14)
Scrolls
 f - 5 scrolls of teleportation
 k - a scroll of enchant weapon {unknown}
 l - a scroll of blinking
 r - a scroll of remove curse
 y - a scroll of fear {unknown}
 z - a scroll of amnesia {unknown}
 G - 2 scrolls of fog {unknown}
Potions
 m - 2 potions of curing
 n - a potion of degeneration {unknown}
 p - 3 potions of might
 s - a potion of mutation {unknown}
 t - a potion of berserk rage {unknown}
 v - a potion of resistance {unknown}
 A - 2 potions of brilliance
 C - 2 potions of magic {unknown}
 D - a potion of haste
 F - a potion of heal wounds
 L - a potion of agility {unknown}
Comestibles
 c - 13 rations


   Skills:
 + Level 4.6(4.4) Fighting
 + Level 3.8(3.6) Short Blades
 + Level 3.8(3.6) Long Blades
 + Level 3.8(3.6) Axes
 + Level 3.8(3.6) Maces & Flails
 + Level 3.8(3.6) Polearms
 + Level 3.8(3.6) Staves
 + Level 3.8(3.6) Slings
 + Level 3.8(3.6) Bows
 + Level 3.8(3.6) Crossbows
 + Level 3.8(3.6) Throwing
 + Level 3.8(3.6) Armour
 + Level 6.0(5.8) Dodging
 + Level 3.8(3.6) Stealth
 + Level 3.8(3.6) Shields
 + Level 7.6(7.4) Unarmed Combat
 + Level 6.3(6.1) Spellcasting
 + Level 3.1(2.9) Conjurations
 + Level 3.1(2.9) Hexes
 + Level 3.1(2.9) Charms
 + Level 3.1(2.9) Summonings
 + Level 3.1(2.9) Necromancy
 + Level 3.1(2.9) Translocations
 + Level 5.0(4.8) Transmutations
 + Level 3.1(2.9) Fire Magic
 + Level 3.1(2.9) Ice Magic
 + Level 3.1(2.9) Air Magic
 + Level 3.1(2.9) Earth Magic
 + Level 3.1(2.9) Poison Magic
 + Level 4.2(4.0) Invocations
 + Level 3.8(3.6) Evocations


You had 5 spell levels left.
You knew the following spells:

 Your Spells              Type           Power        Failure   Level  Hunger
e - Beastly Appendage     Tmut           ###...       19%         1    None
h - Blade Hands           Tmut           ###.......   82%         5    #####..
i - Ice Form              Ice/Tmut       ###.....     67%         4    ####...
k - Sticks to Snakes      Tmut           ###.....     24%         2    None
p - Spider Form           Tmut/Pois      ###.......   38%         3    ##.....


Dungeon Overview and Level Annotations

Branches:
Dungeon (9/15)             Temple (1/1) D:6
   Lair: D:8-11         Orc: D:9-12

Altars:
Ashenzari
Dithmenos
Elyvilon
Fedhas
Gozag
Kikubaaqudgha
Makhleb
Nemelex Xobeh
Qazlal
Ru
Sif Muna
Trog
Uskayaw
Vehumet
Wu Jian
Xom
Zin
The Shining One

Shops:
D:4 [


Innate Abilities, Weirdness & Mutations

Your experience applies equally to all skills.
You have very sharp teeth.
Your uncanny sense of smell can sniff out nearby items.


Message History

You feel clever all of a sudden. The wight barely misses you.
Casting: Ice Form (safe; 3% risk of failure)
Confirm with . or Enter, or press ? or * to list all spells.
Your hands turn into razor-sharp scythe blades.
Your +0 dagger melds into your body.
You are feeling very hungry.
Your transformation is almost over.
You slice the wight!!
You destroy the wight!
Your base Conjurations skill increases to level 3!
Your base Hexes skill increases to level 3!
Your base Charms skill increases to level 3!
Your base Summonings skill increases to level 3!
Your base Necromancy skill increases to level 3!
Your base Translocations skill increases to level 3!
Your base Fire Magic skill increases to level 3!
Your base Ice Magic skill increases to level 3!
Your base Air Magic skill increases to level 3!
Your base Earth Magic skill increases to level 3!
Your base Poison Magic skill increases to level 3!
You slice the wight!!
You destroy the wight!
You slash the wight!
You destroy the wight!
Your base Dodging skill increases to level 6!
You have reached level 9!
Your experience leads to an increase in your attributes!
Your base attributes are Str 12, Int 17, Dex 17.
Increase (S)trength, (I)ntelligence, or (D)exterity?
You feel clever.
Items here: ))) [[[ The wight hits you from afar with an enchanted halberd!
* * * LOW HITPOINT WARNING * * *
You slash the wight!
The wight is severely damaged.
The wight misses you.
You barely miss the wight. Your bite misses the wight.
The wight is severely damaged.
The wight hits you with an enchanted halberd.
* * * LOW HITPOINT WARNING * * *
You feel drained.
You slice the wight!!
You destroy the wight!
Your hands revert to their normal proportions.
Your +0 dagger unmelds from your body.
Things that are here:
an enchanted halberd; a robe You see here 17 gold pieces.
You now have 185 gold pieces (gained 17).
You eat one of the 14 rations.
That ration really hit the spot!
The helpless hound fails to defend itself.
You impale the hound!!
You kill the hound!
Your base Transmutations skill increases to level 5!
A worker ant comes into view.
You see here a peridot ring.
g - a peridot ring The worker ant twitches its antennae in your direction.
Put on which piece of jewellery? (? for menu, Esc to quit)
You feel more attuned to ice.
g - a ring of ice (right hand) Remove which piece of jewellery? (? for menu, Esc to quit)
That's the wrong kind of item! (Use * to select it.) Remove which piece of jewellery? (? for menu, Esc to quit)
You don't have any such object.
Remove which piece of jewellery? (? for menu, Esc to quit)
Okay, then.
Remove which piece of jewellery? (? for menu, Esc to quit)
You remove your ring of ice.
Throwing (i - inventory. (/) - cycle)
j - 45 stones (quivered)
Press: ? - help, Shift-Dir - straight line, f - worker ant
Aim: a worker ant You throw a stone.
The stone closely misses the worker ant.
It was a potion of might.
You feel very mighty all of a sudden.
Unknown command.
Casting: Blade Hands (safe; 4% risk of failure)
Confirm with . or Enter, or press ? or * to list all spells.
Your hands turn into razor-sharp scythe blades.
Your +0 dagger melds into your body.
The worker ant waves its antennae.
The worker ant barely misses you.
You slice the worker ant!!
You kill the worker ant!
Your magical contamination has completely faded away.
You see here a scroll of identify.
As you read the scroll of identify, it crumbles to dust.
D - a potion of haste You feel a little less clever now.
Found a fizzy cyan potion and a worn bone wand.
You see here a potion of curing.
m - 2 potions of curing (gained 1)
You see here a fizzy cyan potion.
L - a fizzy cyan potion
Things that are here:
a wand of polymorph (14); 29 arrows
h - 78 arrows (gained 29);
M - a wand of polymorph (14) Are you sure you want to abandon this character and quit the game? (Confirm with "yes".)

##....#.###*#.#* *#.# #.
#.##.....,...* *..# #.
*.#*#...*###** *.##***#. *.#
#..#* #.*,,,... #.###..#
#.*,,,... #.*#...### #.*,>,,,,
#.##.#...# *,*,,,,,,
#..(.#.#.#### *,****,,, ****
###..#.#.@..# *,* ***, ,,,*
####.##.####.# **,* *, ,,,*
#.......# *.# *∆,******* ,,,*
#.....[.# *#### *,***,,,,,
,,,***#.......# *#...#**,* *,,,,,
,,,,,.#######.###.z_.#*,,***,,,,,
,,,**.....###...#z..$#**,,,,,,,,,
********#.....#.'.?$$# *****,,,,,
###..####...$# *,,,,,


There were no monsters in sight!

Vanquished Creatures
  Pikel (D:8)
  The ghost of nikopol the Magician, a novice DEFE (D:7)
  2 bullfrogs (Sewer)
  A scorpion (D:3)
  A water moccasin skeleton (D:6)
  4 wights (D:6)
  3 howler monkeys (D:8)
  A lava snake (D:7)
  A hound (D:6)
  3 orc wizards
  8 worker ants
  A hound skeleton (D:5)
  8 adders
  5 river rats
  A shadow imp (D:7)
  2 oozes (Sewer)
  2 adder skeletons (D:4)
  A worm (D:2)
  A leopard gecko (D:2)
  13 orcs
  2 bats
  2 giant cockroaches
  12 goblins
  5 hobgoblins
  7 jackals
  A quokka (D:3)
  10 ball pythons
  6 frilled lizards
  A leopard gecko zombie (D:7)
  A quokka zombie (D:6)
  30 rats
137 creatures vanquished.

Vanquished Creatures (collateral kills)
  The ghost of nikopol the Magician, an amateur DEFE (D:3)
  Robin (D:3)
  An adder (D:4)
  2 rats (Sewer)
5 creatures vanquished.

Vanquished Creatures (others)
  A slave (D:8)
  An orc (D:8)
2 creatures vanquished.

Grand Total: 144 creatures vanquished

Notes
Turn   | Place    | Note
-------+----------+-------------------------------------------
     0 | D:1      | tidbits the Gnoll Transmuter began the quest for the Orb.
     0 | D:1      | Reached XP level 1. HP: 17/17 MP: 6/6
    95 | D:1      | Reached XP level 2. HP: 23/23 MP: 5/7
   219 | D:2      | Learned a level 2 spell: Sticks to Snakes
   284 | D:3      | Noticed Robin
   290 | D:3      | Reached XP level 3. HP: 18/28 MP: 2/9
   292 | D:3      | Reached skill level 5 in Spellcasting
   302 | D:3      | Killed Robin
   325 | D:3      | Reached skill level 1 in Invocations
   357 | D:3      | Learned a level 3 spell: Spider Form
   417 | D:3      | Noticed nikopol's ghost (amateur DEFE)
   438 | D:3      | Killed nikopol's ghost
   438 | D:3      | Reached skill level 1 in Short Blades
   438 | D:3      | Reached skill level 1 in Long Blades
   438 | D:3      | Reached skill level 1 in Axes
   438 | D:3      | Reached skill level 1 in Maces & Flails
   438 | D:3      | Reached skill level 1 in Polearms
   438 | D:3      | Reached skill level 1 in Staves
   438 | D:3      | Reached skill level 1 in Slings
   438 | D:3      | Reached skill level 1 in Bows
   438 | D:3      | Reached skill level 1 in Crossbows
   438 | D:3      | Reached skill level 1 in Throwing
   438 | D:3      | Reached skill level 1 in Armour
   438 | D:3      | Reached skill level 1 in Stealth
   438 | D:3      | Reached skill level 1 in Shields
   438 | D:3      | Reached skill level 1 in Evocations
   438 | D:3      | Reached XP level 4. HP: 21/34 MP: 0/11
   476 | D:3      | Reached skill level 1 in Conjurations
   476 | D:3      | Reached skill level 1 in Hexes
   476 | D:3      | Reached skill level 1 in Charms
   476 | D:3      | Reached skill level 1 in Summonings
   476 | D:3      | Reached skill level 1 in Necromancy
   476 | D:3      | Reached skill level 1 in Translocations
   476 | D:3      | Reached skill level 1 in Fire Magic
   476 | D:3      | Reached skill level 1 in Ice Magic
   476 | D:3      | Reached skill level 1 in Air Magic
   476 | D:3      | Reached skill level 1 in Earth Magic
   476 | D:3      | Reached skill level 1 in Poison Magic
   476 | D:3      | Reached XP level 5. HP: 30/40 MP: 2/12
   621 | D:4      | Reached skill level 3 in Fighting
   623 | D:4      | Reached skill level 4 in Transmutations
   626 | D:5      | Entered Level 5 of the Dungeon
   776 | D:4      | Found a shadowy altar of Dithmenos.
   796 | D:4      | Reached XP level 6. HP: 47/47 MP: 7/13
   800 | D:4      | Reached skill level 2 in Invocations
   825 | D:4      | Found Keunynlo's Antique Armour Shop.
   830 | D:4      | Bought a buckler for 99 gold pieces
   848 | D:4      | Found a glowing drain.
   895 | D:4      | Reached skill level 5 in Dodging
   897 | Sewer    | Entered a sewer
   903 | Sewer    | Learned a level 4 spell: Ice Form
   964 | Sewer    | Reached skill level 2 in Short Blades
   964 | Sewer    | Reached skill level 2 in Long Blades
   964 | Sewer    | Reached skill level 2 in Axes
   964 | Sewer    | Reached skill level 2 in Maces & Flails
   964 | Sewer    | Reached skill level 2 in Polearms
   964 | Sewer    | Reached skill level 2 in Staves
   964 | Sewer    | Reached skill level 2 in Slings
   964 | Sewer    | Reached skill level 2 in Bows
   964 | Sewer    | Reached skill level 2 in Crossbows
   964 | Sewer    | Reached skill level 2 in Throwing
   964 | Sewer    | Reached skill level 2 in Armour
   964 | Sewer    | Reached skill level 2 in Stealth
   964 | Sewer    | Reached skill level 2 in Shields
   964 | Sewer    | Reached skill level 2 in Evocations
  1110 | Sewer    | Learned a level 5 spell: Blade Hands
  1141 | Sewer    | Reached XP level 7. HP: 52/52 MP: 1/15
  1151 | Sewer    | Reached skill level 7 in Unarmed Combat
  1270 | D:4      | Reached skill level 2 in Conjurations
  1270 | D:4      | Reached skill level 2 in Hexes
  1270 | D:4      | Reached skill level 2 in Charms
  1270 | D:4      | Reached skill level 2 in Summonings
  1270 | D:4      | Reached skill level 2 in Necromancy
  1270 | D:4      | Reached skill level 2 in Translocations
  1270 | D:4      | Reached skill level 2 in Fire Magic
  1270 | D:4      | Reached skill level 2 in Ice Magic
  1270 | D:4      | Reached skill level 2 in Air Magic
  1270 | D:4      | Reached skill level 2 in Earth Magic
  1270 | D:4      | Reached skill level 2 in Poison Magic
  1376 | D:6      | Found a stormy altar of Qazlal.
  1408 | D:6      | Found a staircase to the Ecumenical Temple.
  1417 | Temple   | Entered the Ecumenical Temple
  1582 | D:5      | Found a bloodstained altar of Trog.
  1637 | D:6      | Noticed an air elemental
  1689 | D:7      | Reached skill level 3 in Invocations
  1736 | D:9      | Noticed Pikel
  1750 | D:8      | Killed Pikel
  1750 | D:8      | Reached skill level 4 in Fighting
  1750 | D:8      | Reached skill level 3 in Short Blades
  1750 | D:8      | Reached skill level 3 in Long Blades
  1750 | D:8      | Reached skill level 3 in Axes
  1750 | D:8      | Reached skill level 3 in Maces & Flails
  1750 | D:8      | Reached skill level 3 in Polearms
  1750 | D:8      | Reached skill level 3 in Staves
  1750 | D:8      | Reached skill level 3 in Slings
  1750 | D:8      | Reached skill level 3 in Bows
  1750 | D:8      | Reached skill level 3 in Crossbows
  1750 | D:8      | Reached skill level 3 in Throwing
  1750 | D:8      | Reached skill level 3 in Armour
  1750 | D:8      | Reached skill level 3 in Stealth
  1750 | D:8      | Reached skill level 3 in Shields
  1750 | D:8      | Reached skill level 6 in Spellcasting
  1750 | D:8      | Reached skill level 3 in Evocations
  1750 | D:8      | Reached XP level 8. HP: 9/60 MP: 11/17
  1948 | D:7      | Noticed nikopol's ghost (novice DEFE)
  1954 | D:7      | Killed nikopol's ghost
  1954 | D:7      | Reached skill level 4 in Invocations
  1995 | D:6      | Found a glowing silver altar of Zin.
  1996 | D:6      | Found an opulent altar of Gozag.
  2012 | D:6      | Reached skill level 3 in Conjurations
  2012 | D:6      | Reached skill level 3 in Hexes
  2012 | D:6      | Reached skill level 3 in Charms
  2012 | D:6      | Reached skill level 3 in Summonings
  2012 | D:6      | Reached skill level 3 in Necromancy
  2012 | D:6      | Reached skill level 3 in Translocations
  2012 | D:6      | Reached skill level 3 in Fire Magic
  2012 | D:6      | Reached skill level 3 in Ice Magic
  2012 | D:6      | Reached skill level 3 in Air Magic
  2012 | D:6      | Reached skill level 3 in Earth Magic
  2012 | D:6      | Reached skill level 3 in Poison Magic
  2015 | D:6      | Reached skill level 6 in Dodging
  2015 | D:6      | Reached XP level 9. HP: 17/66 MP: 9/18
  2020 | D:6      | HP: 4/66 [wight/enchanted halberd (6)]
  2039 | D:6      | Reached skill level 5 in Transmutations
  2066 | D:6      | Quit the game

Vault maps used:
D:1:      roderic_octagonal_star
D:2:      kennysheep_the_goblin_king
D:3:      serial_forest, infiniplex_forest_lined_corner,
          infiniplex_forest_clump_cross, infiniplex_forest_pool,
          infiniplex_forest_clump_large, infiniplex_forest_straight_5,
          infiniplex_forest_lined_1, uniq_robin, uniq_jessica
D:4:      nicolae_dithmenos_through_a_glass_darkly, lemuel_round_altar,
          serial_shops, nicolae_shop_crystal, portal_sewer_entry_c
D:5:      trog_eyes_of_draining, first_ration
D:6:      grunt_temple_overflow_gold_and_silver,
          nicolae_qazlal_style_of_elements, temple_statues
D:7:      basic_altar, kennysheep_generic_room_9
D:8:      slow_altar_1, kennysheep_okawaru_gauntlet, serial_shops,
          kennysheep_little_box, hangedman_pestilent_swarm
D:9:      yredelemnul_forgotten_temple_becter, lair_entry_dummy, enter_bailey_3,
          hangedman_corner_corridor, uniq_pikel
Temple:   dshaligram_water_room_temple
Sewer:    sewer_minmay_w

Skill      XL: |  1  2  3  4  5  6  7  8  9 |
---------------+----------------------------+-----
Spellcasting   | 5 6 |  6.3
Invocations    | 1 2 3 4 |  4.2
Short Blades   | 1 2 3 |  3.8
Long Blades    | 1 2 3 |  3.8
Axes           | 1 2 3 |  3.8
Maces & Flails | 1 2 3 |  3.8
Polearms       | 1 2 3 |  3.8
Staves         | 1 2 3 |  3.8
Slings         | 1 2 3 |  3.8
Bows           | 1 2 3 |  3.8
Crossbows      | 1 2 3 |  3.8
Throwing       | 1 2 3 |  3.8
Armour         | 1 2 3 |  3.8
Stealth        | 1 2 3 |  3.8
Shields        | 1 2 3 |  3.8
Evocations     | 1 2 3 |  3.8
Conjurations   | 1 2 3 |  3.1
Hexes          | 1 2 3 |  3.1
Charms         | 1 2 3 |  3.1
Summonings     | 1 2 3 |  3.1
Necromancy     | 1 2 3 |  3.1
Translocations | 1 2 3 |  3.1
Fire Magic     | 1 2 3 |  3.1
Ice Magic      | 1 2 3 |  3.1
Air Magic      | 1 2 3 |  3.1
Earth Magic    | 1 2 3 |  3.1
Poison Magic   | 1 2 3 |  3.1
Fighting       | 3 4 |  4.6
Transmutations | 4 5 |  5.0
Dodging        | 5 6 |  6.0
Unarmed Combat | 7 |  7.6

Action                   |  1- 3 |  4- 6 |  7- 9 || total
-------------------------+-------+-------+-------++-------
Melee: Unarmed           |    65 |   109 |   118 ||   292
       Kick              |     6 |       |       ||     6
       Punch             |     5 |       |       ||     5
       Bite              |     3 |       |     1 ||     4
       Headbutt          |     2 |       |       ||     2
       Dagger            |       |       |     4 ||     4
Throw: Stone             |       |       |     1 ||     1
 Cast: Beastly Appendage |     9 |       |       ||     9
       Sticks to Snakes  |     5 |     9 |     5 ||    19
       Spider Form       |     1 |    11 |    12 ||    24
       Ice Form          |       |     5 |     1 ||     6
       Blade Hands       |       |       |     2 ||     2
 Abil: End Transformatio |       |       |     1 ||     1
  Use: Potion            |     2 |       |     2 ||     4
       Scroll            |       |     2 |     9 ||    11
 Stab: Sleeping          |       |     2 |     5 ||     7
  Eat: Chunk             |       |     3 |     3 ||     6
       Ration            |       |       |     1 ||     1
Armor: Robe              |     2 |       |       ||     2
       Skin              |       |     9 |     5 ||    14
       Animal skin       |       |     1 |     2 ||     3
Dodge: Dodged            |    39 |    54 |    69 ||   162
Block: Other             |     6 |    11 |    11 ||    28

Table legend:
 A = Spawn XP
 B = Non-spawn XP
 C = Spawn XP percentage of total XP
 D = Spawn monster count
 E = Non-spawn monster count
 F = Spawn count percentage of total count
 G = Total turns spent on level
                    A         B        C        D         E        F      G
               +---------+---------+-------+---------+---------+-------+---------
         Total |       0 |    2532 |   0.0 |       0 |     142 |   0.0 |  2066
               +---------+---------+-------+---------+---------+-------+---------
           D:1 |       0 |      12 |   0.0 |       0 |       7 |   0.0 |   139
           D:2 |       0 |      17 |   0.0 |       0 |       8 |   0.0 |   162
           D:3 |       0 |     180 |   0.0 |       0 |      23 |   0.0 |   328
           D:4 |       0 |     278 |   0.0 |       0 |      21 |   0.0 |   271
           D:5 |       0 |     103 |   0.0 |       0 |      11 |   0.0 |   277
           D:6 |       0 |     416 |   0.0 |       0 |      14 |   0.0 |   203
           D:7 |       0 |     385 |   0.0 |       0 |       5 |   0.0 |   190
           D:8 |       0 |     804 |   0.0 |       0 |       5 |   0.0 |   138
         Sewer |       0 |     337 |   0.0 |       0 |      48 |   0.0 |   287
               +---------+---------+-------+---------+---------+-------+---------

Table legend:
 A = Turns spent in this place as a percentage of turns spent in the entire game.
 B = Non-inter-level travel turns spent in this place as a percentage of non-inter-level travel turns spent in the entire game.
 C = Inter-level travel turns spent in this place as a percentage of turns spent in this place.
 D = Turns resting spent in this place as a percentage of non-inter-level travel turns spent in this place.
 E = Turns spent auto-exploring this place as a percentage of non-inter-level travel turns spent in this place.
 F = Non-inter-level travel turns spent in this place divided by the number of levels of this place that you've seen.
                   A       B       C       D       E      F
               +-------+-------+-------+-------+-------+----------------------
         Total | 100.0 | 100.0 |   0.8 |   0.0 |   0.0 | 186.4
       Dungeon |  82.9 |  83.6 |   0.0 |   0.0 |   0.0 | 190.3
        Temple |   3.2 |   2.4 |  24.2 |   0.0 |   0.0 |  50.0
         Sewer |  13.9 |  14.0 |   0.0 |   0.0 |   0.0 | 287.0
               +-------+-------+-------+-------+-------+----------------------

Table legend:
 A = Kills in this place as a percentage of kills in entire the game.
 B = Kills by you in this place as a percentage of kills by you in the entire game.
 C = Kills by friends in this place as a percentage of kills by friends in the entire game.
 D = Other kills in this place as a percentage of other kills in the entire game.
 E = Experience gained in this place as a percentage of experience gained in the entire game.
 F = Experience gained in this place divided by the number of levels of this place that you have seen.
                   A       B       C       D       E      F
               +-------+-------+-------+-------+-------+----------------------
         Total | 100.0 | 100.0 | 100.0 |   N/A | 100.0 | 230.2
       Dungeon |  66.2 |  66.4 |  60.0 |   N/A |  86.7 | 243.9
         Sewer |  33.8 |  33.6 |  40.0 |   N/A |  13.3 | 337.0
               +-------+-------+-------+-------+-------+----------------------

Vault maps used:
D:1:      roderic_octagonal_star
D:2:      kennysheep_the_goblin_king
D:3:      serial_forest, infiniplex_forest_lined_corner,
          infiniplex_forest_clump_cross, infiniplex_forest_pool,
          infiniplex_forest_clump_large, infiniplex_forest_straight_5,
          infiniplex_forest_lined_1, uniq_robin, uniq_jessica
D:4:      nicolae_dithmenos_through_a_glass_darkly, lemuel_round_altar,
          serial_shops, nicolae_shop_crystal, portal_sewer_entry_c
D:5:      trog_eyes_of_draining, first_ration
D:6:      grunt_temple_overflow_gold_and_silver,
          nicolae_qazlal_style_of_elements, temple_statues
D:7:      basic_altar, kennysheep_generic_room_9
D:8:      slow_altar_1, kennysheep_okawaru_gauntlet, serial_shops,
          kennysheep_little_box, hangedman_pestilent_swarm
D:9:      yredelemnul_forgotten_temple_becter, lair_entry_dummy, enter_bailey_3,
          hangedman_corner_corridor, uniq_pikel
Temple:   dshaligram_water_room_temple
Sewer:    sewer_minmay_w
